General information
- name: w
- type: Custom game
- host: darkwasp
- saver: darkwasp
map: TwistedMeadows
- players: 2
- length: 21:42
- speed: Fast
- version: 1.26 W3XP
- replay type: Public
» download(112 KB)
Players
team 1 (winner)
darkwasp (
orange | 126 APM | 2738 actions | 21:42)
5 Blademaster
2 Wind Walk
3 Critical Strike
4 Shadow Hunter
2 Hex
2 Healing Wave
» actions
| Assign group hotkey | 243 | |
| Basic commands | 25 | |
| Build / train | 67 | |
| Enter build submenu | 18 | |
| Enter hero's abilities submenu | 10 | |
| Give item / drop item | 3 | |
| Remove unit from queue | 1 | |
| Right click | 1448 | |
| Select / deselect | 360 | |
| Select group hotkey | 380 | |
| Use ability | 183 | |
2738 total
» units
| Peon | 9 | |
| Grunt | 4 | |
| Spirit Walker | 4 | |
| Raider | 4 | |
| Demolisher | 3 | |
| Kodo Beast | 1 | |
| Wind Rider | 1 | |
26 total
» upgrades
| Spirit Walker Training | 1 | |
| Ensnare | 1 | |
| Armor | 1 | |
3 total
» buildings
| Altar of Storms | 1 | |
| Orc Burrow | 7 | |
| Barracks | 1 | |
| Voodoo Lounge | 1 | |
| Stronghold | 2 | |
| Beastiary | 2 | |
| Spirit Lodge | 1 | |
| War Mill | 1 | |
| Watch Tower | 2 | |
| Fortress | 2 | |
| Great Hall | 1 | |
21 total
» build order
00:03 Altar of Storms
00:09 Orc Burrow
00:29 Barracks
01:43 Orc Burrow
02:02 Voodoo Lounge
03:23 Stronghold
03:24 Stronghold
04:15 Orc Burrow
04:18 Orc Burrow
06:21 Beastiary
06:23 Spirit Lodge
07:00 Beastiary
08:12 War Mill
11:09 Watch Tower
11:12 Watch Tower
13:05 Orc Burrow
13:52 Fortress
13:52 Fortress
16:18 Orc Burrow
18:44 Great Hall
20:00 Orc Burrow
» items
| Circlet of Nobility | 2 | |
| Boots of Speed | 1 | |
| Healing Salve | 5 | |
| Lesser Clarity Potion | 3 | |
| Scroll of Speed | 3 | |
| Potion of Mana | 1 | |
| Potion of Healing | 1 | |
| Scroll of Town Portal | 2 | |
| Potion of Lesser Invulnerability | 1 | |
| Scroll of Healing | 1 | |
20 total
team 2 (loser)
GHETTo_oVERLORD (
dark-green | 207 APM | 4490 actions | 21:39)
3 Mountain King
2 Storm Bolt
1 Bash
3 Firelord
1 Soul Burn
2 Summon Lava Spawn
» actions
| Assign group hotkey | 173 | |
| Basic commands | 384 | |
| Build / train | 106 | |
| ESC pressed | 6 | |
| Enter build submenu | 36 | |
| Enter hero's abilities submenu | 6 | |
| Give item / drop item | 1 | |
| Right click | 1677 | |
| Select / deselect | 844 | |
| Select group hotkey | 1096 | |
| Use ability | 160 | |
4490 total
» units
| Peasant | 35 | |
| Footman | 9 | |
| Sorceress | 4 | |
| Priest | 1 | |
| Spell Breaker | 6 | |
| Goblin Shredder | 1 | |
| Knight | 2 | |
58 total
» upgrades
| Sorceress Training | 1 | |
| Priest Training | 1 | |
| Lumber Harvesting | 1 | |
| Masonry | 1 | |
4 total
» buildings
| Barracks | 1 | |
| Farm | 10 | |
| Altar of Kings | 1 | |
| Lumber Mill | 1 | |
| Keep | 1 | |
| Arcane Vault | 2 | |
| Scout Tower | 15 | |
| Arcane Sanctum | 4 | |
| Guard Tower | 14 | |
| Town Hall | 2 | |
| Castle | 1 | |
| Blacksmith | 2 | |
| Arcane Tower | 2 | |
| Gryphon Aviary | 2 | |
58 total
» build order
00:21 Barracks
00:35 Farm
00:40 Farm
00:50 Altar of Kings
01:05 Lumber Mill
01:49 Farm
02:33 Farm
02:41 Farm
03:32 Keep
03:48 Arcane Vault
04:57 Scout Tower
04:58 Scout Tower
06:15 Arcane Sanctum
06:15 Arcane Sanctum
06:59 Guard Tower
07:15 Farm
07:42 Farm
07:43 Farm
09:49 Scout Tower
09:50 Scout Tower
09:51 Scout Tower
09:57 Town Hall
09:59 Scout Tower
10:00 Scout Tower
10:00 Scout Tower
10:23 Arcane Sanctum
10:40 Guard Tower
10:56 Guard Tower
12:56 Castle
13:07 Guard Tower
13:53 Arcane Sanctum
15:42 Blacksmith
15:43 Blacksmith
17:00 Town Hall
17:02 Scout Tower
17:03 Scout Tower
17:03 Scout Tower
17:03 Scout Tower
17:04 Scout Tower
17:04 Scout Tower
17:54 Guard Tower
17:55 Guard Tower
17:55 Guard Tower
17:56 Guard Tower
17:57 Guard Tower
18:00 Arcane Tower
18:50 Scout Tower
19:27 Arcane Vault
19:32 Guard Tower
20:18 Farm
20:19 Farm
20:26 Gryphon Aviary
20:26 Gryphon Aviary
» items
| Boots of Speed | 1 | |
| Staff of Teleportation | 1 | |
| Scroll of Regeneration | 4 | |
| Lesser Clarity Potion | 4 | |
| Scroll of Town Portal | 4 | |
| Dust of Appearance | 1 | |
15 total
Chat log
(00:06 / All) darkwasp: gl hf
(00:11 / All) GHETTo_oVERLORD: No, no fun!
(00:13 / All) GHETTo_oVERLORD: Bad luck no fun!
(00:14 / All) darkwasp: NOW IM A MANNERED PLAYER
(00:24 / All) GHETTo_oVERLORD: Manners are bad, brah.
(00:57 / All) GHETTo_oVERLORD: Manner is for NOOBS.
(01:01 / All) darkwasp: NO
(01:07 / All) darkwasp: MANNER
(01:09 / All) darkwasp: IS
(01:11 / All) darkwasp: KOREA
(01:16 / All) GHETTo_oVERLORD: Oh lawd.
(04:49 / All) GHETTo_oVERLORD: lol
(04:51 / All) GHETTo_oVERLORD: This should be fun.
(05:05 / All) darkwasp: mk first is ballsy
(05:15 / All) GHETTo_oVERLORD: Si.
(10:56 / All) darkwasp: pause sec?
(10:58 / All) GHETTo_oVERLORD: kk
(11:00 / All) GHETTo_oVERLORD: kk
(11:01 / All) GHETTo_oVERLORD: roll with it
(21:30 / All) GHETTo_oVERLORD: Yeah, gg.
(21:32 / All) darkwasp: ggs
(21:38 / All) GHETTo_oVERLORD: Go Terenas.